Ice Dragons vs Scraper
Created - 26 janvier 2015 at 19:33
Goals
|
| Ice Dragons |
1 |
3 |
2 |
6 |
| Scraper |
0 |
3 |
1 |
4 |
|
Shots
|
| Ice Dragons |
9 |
8 |
12 |
29 |
| Scraper |
7 |
16 |
11 |
34 |
|
1st period
1. Ice Dragons , Jeff Tambellini 31 (Niklas Sundstrom, Patrick O'Sullivan) at 14:10
Penalties :
Ilkka Heikkinen (Out) for Hooking (Minor) at 8:02, Riley Armstrong (Out) for Hooking (Minor) at 14:29
2nd period
2. Ice Dragons , Shean Donovan 19 (Kevin Klein, Nigel Dawes) at 0:55
3. Scraper , Riley Armstrong 9 (Ben Eager, Eric Godard) at 3:15
4. Scraper , Eric Godard 17 (Riley Armstrong, Brendan Smith) at 7:28 (PP)
5. Ice Dragons , Kris Beech 11 (Mats Zuccarello, Boris Valabik) at 8:20
6. Scraper , Riley Armstrong 10 (Eric Godard) at 11:18
7. Ice Dragons , Kris Beech 12 (Kevin Klein, Boris Valabik) at 14:07
Penalties :
Riley Armstrong (Out) for Goalie Interference (Minor) at 3:37, Brayden McNabb (Kin) for Hooking (Minor) at 6:55
3rd period
8. Ice Dragons , Niklas Sundstrom 12 (Patrick O'Sullivan) at 6:13
9. Scraper , Eric Godard 18 (Riley Armstrong, Valeri Bure) at 13:55
10. Ice Dragons , Nigel Dawes 13 (Niklas Sundstrom, Patrick O'Sullivan) at 19:58 (Empty Net)
Penalties :
Brayden Schenn (Out) for Slashing (Minor) at 9:03
Goalie Stats
Justin Pogge (Kin), 30 saves from 34 shots - (0,882), W, 14-8-5, 60:00 minutes
Maxime Ouellet (Out), 17 saves from 22 shots - (0,773), L, 7-6-2, 46:13 minutes
Peter Mannino (Out), 6 saves from 6 shots - (1,000), 13:23 minutes
Players Stats for Ice Dragons
Player Name G A P +/- PIM S H SB GA TA FO MP PP MP PK MP
------------------------------------------------------------------------------------
Boris Valabik 0 2 2 4 0 3 0 6 2 0 0/0 28:57 4:50 0:33
Brad Staubitz 0 0 0 0 0 0 2 1 0 1 0/0 8:41 0:21 0:00
Brayden McNabb 0 0 0 -1 2 0 0 2 0 0 0/0 11:55 0:00 0:00
Cal Clutterbuck 0 0 0 2 0 2 1 1 1 2 0/0 11:01 0:28 0:00
Danny Syvret 0 0 0 0 0 0 1 0 0 0 0/0 19:07 3:06 0:00
Eric Mestery 0 0 0 2 0 0 0 0 0 0 0/0 4:05 0:00 0:00
Jeff Tambellini 1 0 1 0 0 2 1 0 2 2 0/1 22:34 3:44 0:00
Jonathan Blum 0 0 0 -1 0 0 0 1 0 0 0/0 11:49 0:00 0:00
Kevin Klein 0 2 2 2 0 0 1 0 0 1 0/0 24:59 4:50 0:33
Kris Beech 2 0 2 2 0 3 1 0 0 0 4/7 11:01 0:28 0:00
Marc-Antoine Pouliot 0 0 0 0 0 3 0 0 0 0 1/3 8:20 0:00 0:00
Martin Hanzal 0 0 0 0 0 2 0 0 0 1 5/10 17:01 3:51 0:00
Mats Zuccarello 0 1 1 2 0 1 0 0 1 0 0/0 14:01 3:44 0:00
Nigel Dawes 1 1 2 1 0 2 2 0 1 2 2/2 14:37 0:00 0:33
Niklas Sundstrom 1 2 3 1 0 5 1 1 2 1 1/2 23:45 3:44 0:33
Patrick O'Sullivan 0 3 3 1 0 0 0 0 1 0 16/38 23:12 3:44 0:00
Shean Donovan 1 0 1 0 0 4 1 0 0 1 1/1 16:54 3:44 0:00
Tim Kennedy 0 0 0 0 0 1 0 0 0 0 0/0 8:20 0:00 0:00
Tyler Eckford 0 0 0 0 0 1 3 0 0 0 0/0 19:07 3:06 0:00
Players Stats for Scraper
Player Name G A P +/- PIM S H SB GA TA FO MP PP MP PK MP
------------------------------------------------------------------------------------
Ben Eager 0 1 1 0 0 1 0 1 0 1 1/3 22:33 0:33 2:38
Brayden Schenn 0 0 0 -1 2 1 2 0 0 0 7/14 14:33 0:00 0:49
Brendan Smith 0 1 1 -1 0 1 1 2 1 2 0/0 26:33 0:33 4:33
Cameron Gaunce 0 0 0 -1 0 0 0 1 0 0 0/0 12:56 0:00 0:00
Daniel Winnik 0 0 0 -1 0 4 0 0 0 0 0/0 12:35 0:00 0:00
Denis Shvidki 0 0 0 -1 0 2 2 3 2 2 1/1 17:25 0:00 4:11
Derek Joslin 0 0 0 -1 0 1 3 0 0 2 0/0 24:27 0:33 4:33
Eric Godard 2 2 4 0 0 7 4 1 1 1 3/8 23:15 0:33 3:43
Eric Gryba 0 0 0 -1 0 1 0 2 0 0 0/0 19:36 0:00 3:23
Eric Knodel 0 0 0 0 0 0 1 0 0 0 0/0 4:04 0:00 0:14
Evander Kane 0 0 0 -1 0 1 0 0 1 0 0/1 11:46 0:00 0:37
Ilkka Heikkinen 0 0 0 -1 2 0 0 0 1 1 0/0 18:47 0:00 2:25
Jerome Samson 0 0 0 0 0 0 0 0 0 0 0/0 0:00 0:00 0:00
Joe Finley 0 0 0 -1 0 1 0 0 0 0 0/0 13:59 0:00 0:44
Marcus Foligno 0 0 0 -1 0 0 1 0 0 0 0/0 7:46 0:00 0:00
Reilly Smith 0 0 0 -1 0 2 2 0 1 0 0/0 7:46 0:00 0:00
Rick Schofield 0 0 0 -1 0 1 1 1 1 0 8/8 13:03 0:00 2:25
Riley Armstrong 2 2 4 0 4 6 3 2 2 0 12/27 21:08 0:33 0:44
Riley Nash 0 0 0 0 0 0 0 0 0 0 0/0 0:00 0:00 0:00
Roman Horak 0 0 0 0 0 0 0 0 0 0 0/0 1:24 0:00 0:45
Ryan O'Reilly 0 0 0 -1 0 1 1 0 0 0 2/2 7:46 0:00 0:00
Valeri Bure 0 1 1 -1 0 4 0 1 1 1 0/0 10:38 0:00 0:00
3 Stars
1 - Eric Godard (Out)
2 - Riley Armstrong (Out)
3 - Kris Beech (Kin)
Power Play
Ice Dragons - 0 on 4 Attempt(s) - 0,00%
Scraper - 1 on 1 Attempt(s) - 100,00%
Penalty Kill
Ice Dragons - 0 on 1 Attempt(s) - 0,00%
- Score 0 goal in Penalty Kill
Scraper - 4 on 4 Attempt(s) - 100,00%
- Score 0 goal in Penalty Kill
Team Stat
Ice Dragons - Hits : 14 - Faceoff Wins : 30 - Blocked Shots : 12 - Penalty Minutes : 2
Scraper - Hits : 21 - Faceoff Wins : 34 - Blocked Shots : 14 - Penalty Minutes : 8
Official
Referees : Sutherland Kelly and McCauley Wes
Linesman : Greg Devorski and Mark Pare
Game Notes
Peter Mannino enters game at 6:13 of 3rd period
Nigel Dawes has scored in a empty net!
Finance
Level 1 -- Attendance: 1372 (68,60%) -- Ticket Income 54 880 $
Level 2 -- Attendance: 713 (71,30%) -- Ticket Income 14 260 $
Total Attendance: 2085 (69,50%)
Total Ticket Income: 69 140 $
Other Income: 3 457 $
Total Income: 72 597 $
Ice Dragons
5 vs 5 Forward
Center Left Wing Right Wing Time % Phy DF OF
1 Patrick O'Sullivan Jeff Tambellini Niklas Sundstrom 40 0 2 3
2 Martin Hanzal Nigel Dawes Shean Donovan 30 0 2 3
3 Kris Beech Mats Zuccarello Cal Clutterbuck 20 0 2 3
4 Marc-Antoine Pouliot Tim Kennedy Brad Staubitz 10 1 2 2
5 vs 5 Defense
Defense Defense Time % Phy DF OF
1 Boris Valabik Kevin Klein 40 0 2 3
2 Danny Syvret Tyler Eckford 30 0 2 3
3 Jonathan Blum Brayden McNabb 20 0 3 2
4 Eric Mestery Boris Valabik 10 1 3 1
PowerPlay Forward
Center Left Wing Right Wing Time % Phy DF OF
1 Patrick O'Sullivan Jeff Tambellini Niklas Sundstrom 60 1 1 3
2 Martin Hanzal Mats Zuccarello Shean Donovan 40 1 1 3
PowerPlay Defense
Defense Defense Time % Phy DF OF
1 Boris Valabik Kevin Klein 60 1 1 3
2 Danny Syvret Tyler Eckford 40 1 1 3
Penalty Kill 4 Players Forward
Center Wing Time % Phy DF OF
1 Nigel Dawes Niklas Sundstrom 60 1 4 0
2 Jeff Tambellini Patrick O'Sullivan 40 1 4 0
Penalty Kill 4 Players Defense
Defense Defense Time % Phy DF OF
1 Boris Valabik Kevin Klein 60 1 4 0
2 Danny Syvret Tyler Eckford 40 1 4 0
Penalty Kill - 3 Players Forward
Forward Time % Phy DF OF
1 Nigel Dawes 60 1 4 0
2 Niklas Sundstrom 40 1 4 0
Penalty Kill - 3 Players Defense
Defense Defense Time % Phy DF OF
1 Boris Valabik Kevin Klein 60 1 4 0
2 Danny Syvret Tyler Eckford 40 1 4 0
4 vs 4 Forward
Center Wing Time % Phy DF OF
1 Nigel Dawes Niklas Sundstrom 60 0 2 3
2 Jeff Tambellini Patrick O'Sullivan 40 0 2 3
4 vs 4 Defense
Defense Defense Time % Phy DF OF
1 Boris Valabik Kevin Klein 60 0 2 3
2 Danny Syvret Tyler Eckford 40 0 2 3
Last Minutes Offensive
Center Left Wing Right Wing Defense Defense
Patrick O'Sullivan Nigel Dawes Niklas Sundstrom Boris Valabik Kevin Klein
Last Minutes Defensive
Center Left Wing Right Wing Defense Defense
Patrick O'Sullivan Nigel Dawes Niklas Sundstrom Boris Valabik Kevin Klein
Goaltenders
Starting : Justin Pogge
Backup : Anders Nilsson
Extra Forwards
Normal : Kris Beech, Cal Clutterbuck, Mats Zuccarello - PP : Kris Beech, Cal Clutterbuck - PK : Mats Zuccarello
Extra Defensemen
Normal : Jonathan Blum, Brayden McNabb, Eric Mestery - PP : Jonathan Blum - PK : Brayden McNabb, Eric Mestery
Penalty Shots
Nigel Dawes, Niklas Sundstrom, Jeff Tambellini, Patrick O'Sullivan, Shean Donovan
Scraper
5 vs 5 Forward
Center Left Wing Right Wing Time % Phy DF OF
1 Riley Armstrong Ben Eager Eric Godard 40 1 2 2
2 Brayden Schenn Daniel Winnik Denis Shvidki 30 1 2 2
3 Rick Schofield Evander Kane Valeri Bure 20 1 2 2
4 Ryan O'Reilly Marcus Foligno Reilly Smith 10 1 2 2
5 vs 5 Defense
Defense Defense Time % Phy DF OF
1 Brendan Smith Derek Joslin 40 1 2 2
2 Ilkka Heikkinen Eric Gryba 30 1 2 2
3 Cameron Gaunce Joe Finley 20 1 2 2
4 Eric Knodel Brendan Smith 10 1 2 2
PowerPlay Forward
Center Left Wing Right Wing Time % Phy DF OF
1 Riley Armstrong Ben Eager Eric Godard 60 1 2 2
2 Brayden Schenn Daniel Winnik Denis Shvidki 40 1 2 2
PowerPlay Defense
Defense Defense Time % Phy DF OF
1 Brendan Smith Derek Joslin 60 1 2 2
2 Ilkka Heikkinen Eric Gryba 40 1 2 2
Penalty Kill 4 Players Forward
Center Wing Time % Phy DF OF
1 Eric Godard Denis Shvidki 60 1 2 2
2 Riley Armstrong Ben Eager 40 1 2 2
Penalty Kill 4 Players Defense
Defense Defense Time % Phy DF OF
1 Brendan Smith Derek Joslin 60 1 2 2
2 Ilkka Heikkinen Eric Gryba 40 1 2 2
Penalty Kill - 3 Players Forward
Forward Time % Phy DF OF
1 Eric Godard 60 1 2 2
2 Denis Shvidki 40 1 2 2
Penalty Kill - 3 Players Defense
Defense Defense Time % Phy DF OF
1 Brendan Smith Derek Joslin 60 1 2 2
2 Ilkka Heikkinen Eric Gryba 40 1 2 2
4 vs 4 Forward
Center Wing Time % Phy DF OF
1 Eric Godard Denis Shvidki 60 1 2 2
2 Riley Armstrong Ben Eager 40 1 2 2
4 vs 4 Defense
Defense Defense Time % Phy DF OF
1 Brendan Smith Derek Joslin 60 1 2 2
2 Ilkka Heikkinen Eric Gryba 40 1 2 2
Last Minutes Offensive
Center Left Wing Right Wing Defense Defense
Riley Armstrong Ben Eager Eric Godard Brendan Smith Derek Joslin
Last Minutes Defensive
Center Left Wing Right Wing Defense Defense
Riley Armstrong Ben Eager Eric Godard Brendan Smith Derek Joslin
Goaltenders
Starting : Maxime Ouellet
Backup : Peter Mannino
Extra Forwards
Normal : Valeri Bure, Evander Kane, Rick Schofield - PP : Valeri Bure, Evander Kane - PK : Rick Schofield
Extra Defensemen
Normal : Cameron Gaunce, Joe Finley, Eric Knodel - PP : Cameron Gaunce - PK : Joe Finley, Eric Knodel
Penalty Shots
Eric Godard, Denis Shvidki, Riley Armstrong, Ben Eager, Valeri Bure
% Time on Ice - Ice Dragons
Lines # - Real PCT - Wanted PCT - Time Play
Normal Forward
1 - 37% - 40% - 18:30
2 - 26% - 30% - 13:10
3 - 21% - 20% - 10:33
4 - 16% - 10% - 8:20
Normal Defense
1 - 39% - 40% - 19:36
2 - 32% - 30% - 16:01
3 - 23% - 20% - 11:49
4 - 6% - 10% - 3:07
PP Forward
1 - 51% - 60% - 4:05
2 - 49% - 40% - 3:51
PP Defense
1 - 61% - 60% - 4:50
2 - 39% - 40% - 3:06
PK Forward
1 - 100% - 60% - 0:33
2 - 0% - 40% - 0:00
PK Defense
1 - 100% - 60% - 0:33
2 - 0% - 40% - 0:00
PK3 Forward
1 - 0% - 60%
2 - 0% - 40%
PK3 Defense
1 - 0% - 60%
2 - 0% - 40%
44 Forward
1 - 0% - 60%
2 - 0% - 40%
44 Defense
1 - 0% - 60%
2 - 0% - 40%
Last Minute Offensive - 0:00
Last Minute Defensive - 0:58
Total
Forward - 60:00
Defense - 60:00
|
% Time on Ice - Scraper
Lines # - Real PCT - Wanted PCT - Time Play
Normal Forward
1 - 37% - 40% - 18:45
2 - 26% - 30% - 13:23
3 - 21% - 20% - 10:38
4 - 15% - 10% - 7:46
Normal Defense
1 - 38% - 40% - 19:21
2 - 32% - 30% - 16:13
3 - 23% - 20% - 11:51
4 - 6% - 10% - 3:07
PP Forward
1 - 100% - 60% - 0:33
2 - 0% - 40% - 0:00
PP Defense
1 - 100% - 60% - 0:33
2 - 0% - 40% - 0:00
PK Forward
1 - 73% - 60% - 5:48
2 - 27% - 40% - 2:08
PK Defense
1 - 57% - 60% - 4:33
2 - 43% - 40% - 3:23
PK3 Forward
1 - 0% - 60%
2 - 0% - 40%
PK3 Defense
1 - 0% - 60%
2 - 0% - 40%
44 Forward
1 - 0% - 60%
2 - 0% - 40%
44 Defense
1 - 0% - 60%
2 - 0% - 40%
Last Minute Offensive - 0:59
Last Minute Defensive - 0:00
Total
Forward - 60:00
Defense - 60:00
|
Play by Play
1st period
0:01 of 1st period - Patrick O'Sullivan wins face-off versus Riley Armstrong in neutral zone.
0:27 of 1st period - Wrist shot by Evander Kane.
0:27 of 1st period - Stopped by Justin Pogge without a rebound.
0:28 of 1st period - Rick Schofield wins face-off versus Martin Hanzal in Ice Dragons zone.
0:37 of 1st period - Eric Gryba is hit by Tyler Eckford and loses puck.
0:58 of 1st period - Snap shot by Kris Beech.
0:58 of 1st period - Shot Blocked by Denis Shvidki.
1:00 of 1st period - Backhand shot by Danny Syvret.
1:00 of 1st period - Shot Blocked by Denis Shvidki.
1:02 of 1st period - Wrist shot by Kris Beech.
1:02 of 1st period - Shot Blocked by Denis Shvidki.
1:36 of 1st period - Slapshot by Patrick O'Sullivan.
1:36 of 1st period - Shot Misses the Net.
2:18 of 1st period - Slapshot by Cal Clutterbuck.
2:18 of 1st period - Stopped by Maxime Ouellet without a rebound.
2:19 of 1st period - Kris Beech wins face-off versus Eric Godard in Scraper zone.
3:11 of 1st period - Denis Shvidki is hit by Tyler Eckford and loses puck.
3:32 of 1st period - Wrist shot by Tim Kennedy.
3:32 of 1st period - Shot Blocked by Eric Godard.
3:34 of 1st period - Slapshot by Brad Staubitz.
3:34 of 1st period - Shot Misses the Net.
4:14 of 1st period - Brendan Smith is hit by Kris Beech and loses puck.
4:48 of 1st period - Snap shot by Tim Kennedy.
4:48 of 1st period - Shot Misses the Net.
5:55 of 1st period - Snap shot by Tim Kennedy.
5:55 of 1st period - Shot Misses the Net.
5:57 of 1st period - Slapshot by Tyler Eckford.
5:57 of 1st period - Shot Blocked by Riley Armstrong.
5:59 of 1st period - Snap shot by Marc-Antoine Pouliot.
5:59 of 1st period - Stopped by Maxime Ouellet with a rebound.
6:01 of 1st period - Slapshot by Tim Kennedy.
6:01 of 1st period - Shot Hit the Post.
6:35 of 1st period - Snap shot by Niklas Sundstrom.
6:35 of 1st period - Stopped by Maxime Ouellet with a rebound.
7:52 of 1st period - Wrist shot by Niklas Sundstrom.
7:52 of 1st period - Stopped by Maxime Ouellet with a rebound.
8:02 of 1st period - Minor Penalty to Ilkka Heikkinen for Hooking.
8:03 of 1st period - Patrick O'Sullivan wins face-off versus Eric Godard in Scraper zone.
9:16 of 1st period - Shean Donovan is hit by Eric Godard and loses puck.
10:02 of 1st period - Penalty to Ilkka Heikkinen is over, Ilkka Heikkinen is back on ice.
10:53 of 1st period - Icing by Daniel Winnik.
10:54 of 1st period - Brayden Schenn wins face-off versus Martin Hanzal in Scraper zone.
11:55 of 1st period - Snap shot by Eric Godard.
11:55 of 1st period - Stopped by Justin Pogge without a rebound.
11:56 of 1st period - Martin Hanzal wins face-off versus Riley Armstrong in Ice Dragons zone.
12:26 of 1st period - Off-side.
12:27 of 1st period - Patrick O'Sullivan wins face-off versus Brayden Schenn in neutral zone.
12:31 of 1st period - Off-side.
12:32 of 1st period - Brayden Schenn wins face-off versus Patrick O'Sullivan in neutral zone.
12:57 of 1st period - Shean Donovan is hit by Riley Armstrong.
13:29 of 1st period - Snap shot by Cal Clutterbuck.
13:29 of 1st period - Shot Blocked by Rick Schofield.
13:47 of 1st period - Slapshot by Ilkka Heikkinen.
13:47 of 1st period - Shot Blocked by Boris Valabik.
14:00 of 1st period - Icing by Brad Staubitz.
14:01 of 1st period - Patrick O'Sullivan wins face-off versus Brayden Schenn in Ice Dragons zone.
14:10 of 1st period - Wrist shot by Jeff Tambellini.
14:10 of 1st period - Goal by Jeff Tambellini - Ice Dragons : 1 - Scraper : 0.
14:11 of 1st period - Patrick O'Sullivan wins face-off versus Ben Eager in neutral zone.
14:22 of 1st period - Snap shot by Niklas Sundstrom.
14:22 of 1st period - Stopped by Maxime Ouellet with a rebound.
14:29 of 1st period - Minor Penalty to Riley Armstrong for Hooking.
14:30 of 1st period - Patrick O'Sullivan wins face-off versus Eric Godard in Scraper zone.
14:30 of 1st period - Snap shot by Jeff Tambellini.
14:30 of 1st period - Deflect By Niklas Sundstrom.
14:30 of 1st period - Shot Misses the Net.
14:30 of 1st period - Puck is out of play.
14:31 of 1st period - Patrick O'Sullivan wins face-off versus Eric Godard in Scraper zone.
14:36 of 1st period - Wrist shot by Jeff Tambellini.
14:36 of 1st period - Shot Misses the Net.
16:29 of 1st period - Penalty to Riley Armstrong is over, Riley Armstrong is back on ice.
16:39 of 1st period - Snap shot by Riley Armstrong.
16:39 of 1st period - Stopped by Justin Pogge with a rebound.
16:41 of 1st period - Wrist shot by Brendan Smith.
16:41 of 1st period - Stopped by Justin Pogge with a rebound.
17:01 of 1st period - Snap shot by Reilly Smith.
17:01 of 1st period - Stopped by Justin Pogge without a rebound.
17:02 of 1st period - Ryan O'Reilly wins face-off versus Kris Beech in Ice Dragons zone.
17:18 of 1st period - Icing by Joe Finley.
17:19 of 1st period - Ryan O'Reilly wins face-off versus Marc-Antoine Pouliot in Scraper zone.
17:28 of 1st period - Slapshot by Riley Armstrong.
17:28 of 1st period - Stopped by Justin Pogge without a rebound.
17:29 of 1st period - Riley Armstrong wins face-off versus Patrick O'Sullivan in Ice Dragons zone.
17:59 of 1st period - Snap shot by Denis Shvidki.
17:59 of 1st period - Deflect By Brayden Schenn.
17:59 of 1st period - Deflect By Martin Hanzal.
17:59 of 1st period - Shot Misses the Net.
17:59 of 1st period - Puck is out of play.
18:00 of 1st period - Brayden Schenn wins face-off versus Patrick O'Sullivan in Ice Dragons zone.
18:03 of 1st period - Snap shot by Denis Shvidki.
18:03 of 1st period - Shot Misses the Net.
18:15 of 1st period - Derek Joslin is hit by Tyler Eckford and loses puck.
18:28 of 1st period - Wrist shot by Martin Hanzal.
18:28 of 1st period - Shot Blocked by Brendan Smith.
18:30 of 1st period - Wrist shot by Shean Donovan.
18:30 of 1st period - Stopped by Maxime Ouellet without a rebound.
18:31 of 1st period - Nigel Dawes wins face-off versus Riley Armstrong in Scraper zone.
18:32 of 1st period - Snap shot by Shean Donovan.
18:32 of 1st period - Stopped by Maxime Ouellet without a rebound.
18:33 of 1st period - Martin Hanzal wins face-off versus Riley Armstrong in Scraper zone.
18:34 of 1st period - Snap shot by Nigel Dawes.
18:34 of 1st period - Deflect By Martin Hanzal.
18:34 of 1st period - Shot Blocked by Eric Gryba.
18:34 of 1st period - Puck is out of play.
18:35 of 1st period - Shean Donovan wins face-off versus Riley Armstrong in Scraper zone.
18:36 of 1st period - Snap shot by Nigel Dawes.
18:36 of 1st period - Shot Misses the Net.
18:44 of 1st period - Martin Hanzal is hit by Eric Godard and loses puck.
19:01 of 1st period - Wrist shot by Rick Schofield.
19:01 of 1st period - Shot Blocked by Boris Valabik.
19:03 of 1st period - Snap shot by Valeri Bure.
19:03 of 1st period - Stopped by Justin Pogge without a rebound.
19:04 of 1st period - Rick Schofield wins face-off versus Patrick O'Sullivan in Ice Dragons zone.
19:29 of 1st period - Ben Eager is hit by Jeff Tambellini and loses puck.
19:34 of 1st period - Snap shot by Niklas Sundstrom.
19:34 of 1st period - Shot Misses the Net.
19:36 of 1st period - Snap shot by Boris Valabik.
19:36 of 1st period - Deflect By Jeff Tambellini.
19:36 of 1st period - Stopped by Maxime Ouellet with a rebound.
19:38 of 1st period - Snap shot by Patrick O'Sullivan.
19:38 of 1st period - Shot Misses the Net.
19:40 of 1st period - Wrist shot by Jeff Tambellini.
19:40 of 1st period - Shot Misses the Net.
Goals for this period are 1 for Ice Dragons vs 0 for Scraper.
Shots for this period are 9 for Ice Dragons vs 7 for Scraper.
2nd period
0:01 of 2nd period - Riley Armstrong wins face-off versus Patrick O'Sullivan in neutral zone.
0:34 of 2nd period - Wrist shot by Denis Shvidki.
0:34 of 2nd period - Deflect By Brayden Schenn.
0:34 of 2nd period - Stopped by Justin Pogge with a rebound.
0:55 of 2nd period - Snap shot by Shean Donovan.
0:55 of 2nd period - Goal by Shean Donovan - Ice Dragons : 2 - Scraper : 0.
0:56 of 2nd period - Patrick O'Sullivan wins face-off versus Riley Armstrong in neutral zone.
1:05 of 2nd period - Snap shot by Niklas Sundstrom.
1:05 of 2nd period - Deflect By Patrick O'Sullivan.
1:05 of 2nd period - Shot Misses the Net.
1:05 of 2nd period - Puck is out of play.
1:06 of 2nd period - Patrick O'Sullivan wins face-off versus Riley Armstrong in Scraper zone.
1:19 of 2nd period - Slapshot by Ben Eager.
1:19 of 2nd period - Stopped by Justin Pogge without a rebound.
1:20 of 2nd period - Brayden Schenn wins face-off versus Martin Hanzal in Ice Dragons zone.
3:07 of 2nd period - Snap shot by Denis Shvidki.
3:07 of 2nd period - Stopped by Justin Pogge without a rebound.
3:08 of 2nd period - Riley Armstrong wins face-off versus Patrick O'Sullivan in Ice Dragons zone.
3:15 of 2nd period - Snap shot by Riley Armstrong.
3:15 of 2nd period - Goal by Riley Armstrong - Ice Dragons : 2 - Scraper : 1.
3:16 of 2nd period - Patrick O'Sullivan wins face-off versus Riley Armstrong in neutral zone.
3:18 of 2nd period - Kevin Klein is hit by Eric Knodel and loses puck.
3:25 of 2nd period - Slapshot by Niklas Sundstrom.
3:25 of 2nd period - Shot Hit the Post.
3:27 of 2nd period - Wrist shot by Patrick O'Sullivan.
3:27 of 2nd period - Shot Misses the Net.
3:37 of 2nd period - Minor Penalty to Riley Armstrong for Goalie Interference.
3:38 of 2nd period - Eric Godard wins face-off versus Patrick O'Sullivan in Scraper zone.
3:49 of 2nd period - Backhand shot by Boris Valabik.
3:49 of 2nd period - Stopped by Maxime Ouellet without a rebound.
3:50 of 2nd period - Eric Godard wins face-off versus Patrick O'Sullivan in Scraper zone.
5:37 of 2nd period - Penalty to Riley Armstrong is over, Riley Armstrong is back on ice.
5:48 of 2nd period - Marc-Antoine Pouliot is hit by Ryan O'Reilly and loses puck.
6:04 of 2nd period - Icing by Marcus Foligno.
6:05 of 2nd period - Kris Beech wins face-off versus Evander Kane in Scraper zone.
6:10 of 2nd period - Snap shot by Cal Clutterbuck.
6:10 of 2nd period - Shot Misses the Net.
6:24 of 2nd period - Tim Kennedy is hit by Reilly Smith.
6:49 of 2nd period - Snap shot by Riley Armstrong.
6:49 of 2nd period - Shot Misses the Net.
6:51 of 2nd period - Wrist shot by Riley Armstrong.
6:51 of 2nd period - Stopped by Justin Pogge without a rebound.
6:52 of 2nd period - Patrick O'Sullivan wins face-off versus Brayden Schenn in Ice Dragons zone.
6:52 of 2nd period - Patrick O'Sullivan is hit by Brayden Schenn.
6:55 of 2nd period - Minor Penalty to Brayden McNabb for Hooking.
6:56 of 2nd period - Nigel Dawes wins face-off versus Riley Armstrong in Ice Dragons zone.
6:56 of 2nd period - Nigel Dawes is hit by Riley Armstrong.
7:19 of 2nd period - Boris Valabik is hit by Derek Joslin and loses puck.
7:26 of 2nd period - Snap shot by Riley Armstrong.
7:26 of 2nd period - Shot Blocked by Boris Valabik.
7:28 of 2nd period - Snap shot by Eric Godard.
7:28 of 2nd period - Goal by Eric Godard - Ice Dragons : 2 - Scraper : 2.
7:29 of 2nd period - Brayden Schenn wins face-off versus Patrick O'Sullivan in neutral zone.
7:55 of 2nd period - Boris Valabik is hit by Eric Godard and loses puck.
8:02 of 2nd period - Wrist shot by Riley Armstrong.
8:02 of 2nd period - Shot Blocked by Boris Valabik.
8:18 of 2nd period - Slapshot by Mats Zuccarello.
8:18 of 2nd period - Shot Misses the Net.
8:20 of 2nd period - Snap shot by Kris Beech.
8:20 of 2nd period - Goal by Kris Beech - Ice Dragons : 3 - Scraper : 2.
8:21 of 2nd period - Eric Godard wins face-off versus Patrick O'Sullivan in neutral zone.
8:46 of 2nd period - Brendan Smith is hit by Nigel Dawes and loses puck.
9:05 of 2nd period - Kevin Klein is hit by Denis Shvidki and loses puck.
9:22 of 2nd period - Snap shot by Daniel Winnik.
9:22 of 2nd period - Stopped by Justin Pogge with a rebound.
9:24 of 2nd period - Snap shot by Denis Shvidki.
9:24 of 2nd period - Stopped by Justin Pogge with a rebound.
9:26 of 2nd period - Slapshot by Derek Joslin.
9:26 of 2nd period - Stopped by Justin Pogge with a rebound.
9:28 of 2nd period - Wrist shot by Daniel Winnik.
9:28 of 2nd period - Stopped by Justin Pogge without a rebound.
9:29 of 2nd period - Riley Armstrong wins face-off versus Patrick O'Sullivan in Ice Dragons zone.
9:30 of 2nd period - Wrist shot by Eric Godard.
9:30 of 2nd period - Shot Misses the Net.
9:32 of 2nd period - Snap shot by Eric Gryba.
9:32 of 2nd period - Stopped by Justin Pogge with a rebound.
9:34 of 2nd period - Snap shot by Ben Eager.
9:34 of 2nd period - Shot Misses the Net.
9:36 of 2nd period - Snap shot by Riley Armstrong.
9:36 of 2nd period - Deflect By Eric Godard.
9:36 of 2nd period - Stopped by Justin Pogge with a rebound.
9:42 of 2nd period - Snap shot by Riley Armstrong.
9:42 of 2nd period - Stopped by Justin Pogge without a rebound.
9:43 of 2nd period - Rick Schofield wins face-off versus Patrick O'Sullivan in Ice Dragons zone.
10:28 of 2nd period - Cameron Gaunce is hit by Kevin Klein and loses puck.
10:39 of 2nd period - Slapshot by Martin Hanzal.
10:39 of 2nd period - Stopped by Maxime Ouellet with a rebound.
10:46 of 2nd period - Icing by Marcus Foligno.
10:47 of 2nd period - Marc-Antoine Pouliot wins face-off versus Brayden Schenn in Scraper zone.
11:14 of 2nd period - Wrist shot by Riley Armstrong.
11:14 of 2nd period - Shot Misses the Net.
11:16 of 2nd period - Slapshot by Joe Finley.
11:16 of 2nd period - Stopped by Justin Pogge without a rebound.
11:17 of 2nd period - Riley Armstrong wins face-off versus Patrick O'Sullivan in Ice Dragons zone.
11:18 of 2nd period - Wrist shot by Eric Godard.
11:18 of 2nd period - Deflect By Riley Armstrong.
11:18 of 2nd period - Goal by Riley Armstrong - Ice Dragons : 3 - Scraper : 3.
11:19 of 2nd period - Riley Armstrong wins face-off versus Patrick O'Sullivan in neutral zone.
11:46 of 2nd period - Denis Shvidki is hit by Shean Donovan and loses puck.
12:07 of 2nd period - Snap shot by Mats Zuccarello.
12:07 of 2nd period - Shot Misses the Net.
12:53 of 2nd period - Wrist shot by Niklas Sundstrom.
12:53 of 2nd period - Shot Misses the Net.
13:27 of 2nd period - Mats Zuccarello is hit by Rick Schofield and loses puck.
13:57 of 2nd period - Wrist shot by Ryan O'Reilly.
13:57 of 2nd period - Shot Blocked by Boris Valabik.
14:07 of 2nd period - Snap shot by Kris Beech.
14:07 of 2nd period - Goal by Kris Beech - Ice Dragons : 4 - Scraper : 3.
14:08 of 2nd period - Patrick O'Sullivan wins face-off versus Ben Eager in neutral zone.
14:33 of 2nd period - Denis Shvidki is hit by Danny Syvret and loses puck.
15:37 of 2nd period - Boris Valabik is hit by Eric Godard and loses puck.
16:07 of 2nd period - Slapshot by Martin Hanzal.
16:07 of 2nd period - Stopped by Maxime Ouellet without a rebound.
16:08 of 2nd period - Martin Hanzal wins face-off versus Brayden Schenn in Scraper zone.
16:23 of 2nd period - Slapshot by Daniel Winnik.
16:23 of 2nd period - Shot Misses the Net.
16:33 of 2nd period - Nigel Dawes is hit by Brendan Smith and loses puck.
16:44 of 2nd period - Wrist shot by Valeri Bure.
16:44 of 2nd period - Deflect By Danny Syvret.
16:44 of 2nd period - Stopped by Justin Pogge with a rebound.
16:58 of 2nd period - Eric Godard is hit by Niklas Sundstrom and loses puck.
17:03 of 2nd period - Wrist shot by Niklas Sundstrom.
17:03 of 2nd period - Shot Blocked by Cameron Gaunce.
17:25 of 2nd period - Slapshot by Daniel Winnik.
17:25 of 2nd period - Shot Blocked by Jonathan Blum.
17:37 of 2nd period - Snap shot by Reilly Smith.
17:37 of 2nd period - Shot Misses the Net.
17:39 of 2nd period - Slapshot by Ryan O'Reilly.
17:39 of 2nd period - Shot Blocked by Brayden McNabb.
17:41 of 2nd period - Slapshot by Cameron Gaunce.
17:41 of 2nd period - Shot Misses the Net.
17:43 of 2nd period - Slapshot by Ryan O'Reilly.
17:43 of 2nd period - Shot Blocked by Brad Staubitz.
17:45 of 2nd period - Wrist shot by Ryan O'Reilly.
17:45 of 2nd period - Shot Misses the Net.
17:47 of 2nd period - Snap shot by Joe Finley.
17:47 of 2nd period - Shot Misses the Net.
18:17 of 2nd period - Kris Beech is hit by Derek Joslin and loses puck.
18:36 of 2nd period - Kevin Klein is hit by Brayden Schenn and loses puck.
18:51 of 2nd period - Ryan O'Reilly is hit by Brad Staubitz and loses puck.
18:56 of 2nd period - Snap shot by Tim Kennedy.
18:56 of 2nd period - Shot Misses the Net.
18:58 of 2nd period - Slapshot by Brad Staubitz.
18:58 of 2nd period - Shot Misses the Net.
19:00 of 2nd period - Snap shot by Brad Staubitz.
19:00 of 2nd period - Shot Misses the Net.
19:02 of 2nd period - Snap shot by Marc-Antoine Pouliot.
19:02 of 2nd period - Stopped by Maxime Ouellet with a rebound.
19:04 of 2nd period - Snap shot by Marc-Antoine Pouliot.
19:04 of 2nd period - Stopped by Maxime Ouellet without a rebound.
19:05 of 2nd period - Patrick O'Sullivan wins face-off versus Riley Armstrong in Scraper zone.
19:18 of 2nd period - Jeff Tambellini is hit by Riley Armstrong and loses puck.
Goals for this period are 3 for Ice Dragons vs 3 for Scraper.
Shots for this period are 8 for Ice Dragons vs 16 for Scraper.
3rd period
0:01 of 3rd period - Patrick O'Sullivan wins face-off versus Riley Armstrong in neutral zone.
0:16 of 3rd period - Wrist shot by Niklas Sundstrom.
0:16 of 3rd period - Stopped by Maxime Ouellet without a rebound.
0:17 of 3rd period - Martin Hanzal wins face-off versus Brayden Schenn in Scraper zone.
0:20 of 3rd period - Snap shot by Shean Donovan.
0:20 of 3rd period - Stopped by Maxime Ouellet without a rebound.
0:21 of 3rd period - Martin Hanzal wins face-off versus Brayden Schenn in Scraper zone.
0:24 of 3rd period - Snap shot by Nigel Dawes.
0:24 of 3rd period - Stopped by Maxime Ouellet with a rebound.
0:35 of 3rd period - Wrist shot by Shean Donovan.
0:35 of 3rd period - Shot Misses the Net.
1:31 of 3rd period - Tyler Eckford is hit by Marcus Foligno.
2:56 of 3rd period - Mats Zuccarello is hit by Reilly Smith.
3:00 of 3rd period - Wrist shot by Brendan Smith.
3:00 of 3rd period - Shot Blocked by Brayden McNabb.
3:02 of 3rd period - Snap shot by Derek Joslin.
3:02 of 3rd period - Shot Misses the Net.
3:04 of 3rd period - Wrist shot by Reilly Smith.
3:04 of 3rd period - Stopped by Justin Pogge with a rebound.
3:06 of 3rd period - Slapshot by Brendan Smith.
3:06 of 3rd period - Shot Misses the Net.
3:39 of 3rd period - Snap shot by Jeff Tambellini.
3:39 of 3rd period - Shot Blocked by Valeri Bure.
3:46 of 3rd period - Off-side.
3:47 of 3rd period - Riley Armstrong wins face-off versus Patrick O'Sullivan in neutral zone.
4:12 of 3rd period - Riley Armstrong is hit by Brad Staubitz and loses puck.
4:23 of 3rd period - Snap shot by Marc-Antoine Pouliot.
4:23 of 3rd period - Shot Blocked by Eric Gryba.
4:25 of 3rd period - Snap shot by Tim Kennedy.
4:25 of 3rd period - Stopped by Maxime Ouellet with a rebound.
5:41 of 3rd period - Off-side.
5:42 of 3rd period - Brayden Schenn wins face-off versus Marc-Antoine Pouliot in neutral zone.
6:09 of 3rd period - Off-side.
6:10 of 3rd period - Patrick O'Sullivan wins face-off versus Riley Armstrong in neutral zone.
6:13 of 3rd period - Slapshot by Niklas Sundstrom.
6:13 of 3rd period - Goal by Niklas Sundstrom - Ice Dragons : 5 - Scraper : 3.
6:13 of 3rd period - Peter Mannino enters game.
6:14 of 3rd period - Riley Armstrong wins face-off versus Patrick O'Sullivan in neutral zone.
6:17 of 3rd period - Jeff Tambellini is hit by Derek Joslin and loses puck.
7:07 of 3rd period - Snap shot by Valeri Bure.
7:07 of 3rd period - Stopped by Justin Pogge without a rebound.
7:08 of 3rd period - Niklas Sundstrom wins face-off versus Riley Armstrong in Ice Dragons zone.
7:15 of 3rd period - Snap shot by Eric Godard.
7:15 of 3rd period - Stopped by Justin Pogge without a rebound.
7:16 of 3rd period - Riley Armstrong wins face-off versus Patrick O'Sullivan in Ice Dragons zone.
7:17 of 3rd period - Snap shot by Eric Godard.
7:17 of 3rd period - Stopped by Justin Pogge without a rebound.
7:18 of 3rd period - Riley Armstrong wins face-off versus Patrick O'Sullivan in Ice Dragons zone.
8:23 of 3rd period - Snap shot by Eric Godard.
8:23 of 3rd period - Shot Misses the Net.
8:33 of 3rd period - Wrist shot by Riley Armstrong.
8:33 of 3rd period - Shot Misses the Net.
8:35 of 3rd period - Snap shot by Ben Eager.
8:35 of 3rd period - Shot Blocked by Niklas Sundstrom.
8:37 of 3rd period - Wrist shot by Riley Armstrong.
8:37 of 3rd period - Shot Misses the Net.
8:39 of 3rd period - Slapshot by Eric Gryba.
8:39 of 3rd period - Shot Misses the Net.
8:41 of 3rd period - Snap shot by Eric Godard.
8:41 of 3rd period - Stopped by Justin Pogge without a rebound.
8:42 of 3rd period - Brayden Schenn wins face-off versus Martin Hanzal in Ice Dragons zone.
8:49 of 3rd period - Backhand shot by Daniel Winnik.
8:49 of 3rd period - Stopped by Justin Pogge with a rebound.
8:55 of 3rd period - Slapshot by Boris Valabik.
8:55 of 3rd period - Stopped by Peter Mannino with a rebound.
8:57 of 3rd period - Snap shot by Nigel Dawes.
8:57 of 3rd period - Shot Blocked by Brendan Smith.
9:03 of 3rd period - Minor Penalty to Brayden Schenn for Slashing.
9:04 of 3rd period - Rick Schofield wins face-off versus Martin Hanzal in Scraper zone.
11:03 of 3rd period - Penalty to Brayden Schenn is over, Brayden Schenn is back on ice.
11:45 of 3rd period - Wrist shot by Ryan O'Reilly.
11:45 of 3rd period - Stopped by Justin Pogge with a rebound.
12:42 of 3rd period - Snap shot by Reilly Smith.
12:42 of 3rd period - Shot Blocked by Cal Clutterbuck.
13:08 of 3rd period - Off-side.
13:09 of 3rd period - Ben Eager wins face-off versus Patrick O'Sullivan in neutral zone.
13:25 of 3rd period - Icing by Niklas Sundstrom.
13:26 of 3rd period - Rick Schofield wins face-off versus Patrick O'Sullivan in Ice Dragons zone.
13:27 of 3rd period - Snap shot by Valeri Bure.
13:27 of 3rd period - Deflect By Evander Kane.
13:27 of 3rd period - Shot Misses the Net.
13:27 of 3rd period - Puck is out of play.
13:28 of 3rd period - Rick Schofield wins face-off versus Jeff Tambellini in Ice Dragons zone.
13:55 of 3rd period - Slapshot by Eric Godard.
13:55 of 3rd period - Goal by Eric Godard - Ice Dragons : 5 - Scraper : 4.
13:56 of 3rd period - Riley Armstrong wins face-off versus Niklas Sundstrom in neutral zone.
14:42 of 3rd period - Slapshot by Tyler Eckford.
14:42 of 3rd period - Stopped by Peter Mannino with a rebound.
14:46 of 3rd period - Slapshot by Mats Zuccarello.
14:46 of 3rd period - Stopped by Peter Mannino without a rebound.
14:47 of 3rd period - Kris Beech wins face-off versus Riley Armstrong in Scraper zone.
15:02 of 3rd period - Off-side.
15:03 of 3rd period - Rick Schofield wins face-off versus Patrick O'Sullivan in neutral zone.
15:08 of 3rd period - Wrist shot by Valeri Bure.
15:08 of 3rd period - Stopped by Justin Pogge with a rebound.
15:10 of 3rd period - Wrist shot by Rick Schofield.
15:10 of 3rd period - Stopped by Justin Pogge without a rebound.
15:11 of 3rd period - Rick Schofield wins face-off versus Patrick O'Sullivan in Ice Dragons zone.
15:42 of 3rd period - Off-side.
15:43 of 3rd period - Kris Beech wins face-off versus Eric Godard in neutral zone.
15:48 of 3rd period - Slapshot by Cal Clutterbuck.
15:48 of 3rd period - Stopped by Peter Mannino without a rebound.
15:49 of 3rd period - Riley Armstrong wins face-off versus Kris Beech in Scraper zone.
15:49 of 3rd period - Riley Armstrong is hit by Cal Clutterbuck.
15:57 of 3rd period - Wrist shot by Kris Beech.
15:57 of 3rd period - Stopped by Peter Mannino with a rebound.
16:46 of 3rd period - Brayden Schenn is hit by Nigel Dawes and loses puck.
17:44 of 3rd period - Niklas Sundstrom is hit by Denis Shvidki and loses puck.
18:39 of 3rd period - Wrist shot by Daniel Winnik.
18:39 of 3rd period - Stopped by Justin Pogge without a rebound.
18:40 of 3rd period - Denis Shvidki wins face-off versus Kris Beech in Ice Dragons zone.
18:45 of 3rd period - Snap shot by Daniel Winnik.
18:45 of 3rd period - Shot Blocked by Boris Valabik.
19:18 of 3rd period - Wrist shot by Niklas Sundstrom.
19:18 of 3rd period - Shot Blocked by Riley Armstrong.
19:20 of 3rd period - Slapshot by Eric Mestery.
19:20 of 3rd period - Shot Blocked by Ben Eager.
19:22 of 3rd period - Slapshot by Eric Mestery.
19:22 of 3rd period - Shot Misses the Net.
19:24 of 3rd period - Slapshot by Boris Valabik.
19:24 of 3rd period - Stopped by Peter Mannino with a rebound.
19:34 of 3rd period - Scraper, Peter Mannino is pulled from the net.
19:58 of 3rd period - Wrist shot by Nigel Dawes.
19:58 of 3rd period - Goal by Nigel Dawes - Ice Dragons : 6 - Scraper : 4.
19:58 of 3rd period - Peter Mannino from Scraper was sent back in the game.
19:59 of 3rd period - Patrick O'Sullivan wins face-off versus Riley Armstrong in neutral zone.
Goals for this period are 2 for Ice Dragons vs 1 for Scraper.
Shots for this period are 12 for Ice Dragons vs 11 for Scraper.
Output by the SimonT Hockey Simulator (STHS) for François Prévost -- Original Page W3C XHTML 1.0 Valid